 Dungeon Crawl Stone Soup version 0.30-a0-965-g42e074c17a (webtiles) character file.

Game seed: 12689680371404476975

36 ders the Magician (level 3, 0/25 HPs)
             Began as a Djinni Conjurer on Mar 17, 2023.
             Slain by a ball python (2 damage)
             ... on level 2 of the Dungeon on Mar 30, 2023.
             The game lasted 00:02:59 (1172 turns).

ders the Magician (Djinni Conjurer)                 Turns: 1172, Time: 00:03:00

Health: 0/25       AC:  2    Str:  6    XL:     3   Next: 57%
Gold:   60         EV:  9    Int: 21    God:
                   SH:  0    Dex: 11

rFire   + + .      SeeInvis .    g - +10 dark maul {heavy}
rCold   x . .      Faith    .    (shield currently unavailable)
rNeg    . . .      Spirit   .    a - +0 robe
rPois   ∞          Reflect  .    (no helmet)
rElec   .          Rampage  .    (no cloak)
rCorr   +                        (no gloves)
Will    .....                    (boots unavailable)
Stlth   ++                       (no amulet)
HPRegen 0.24/turn                j - ring of wizardry
MPRegen 0.00/turn                d - ring of resist corrosion

@: flying, constricted
A: sickness immunity, fire resistance 2, cold vulnerability 1, float, innate
caster, HP casting, extra vitality 1
a: no special abilities


You were on level 2 of the Dungeon.
You visited 1 branch of the dungeon, and saw 2 of its levels.

You collected 60 gold pieces.

Inventory:

Hand Weapons
 g - the +10 dark maul (weapon) {heavy}
   (You found it on level 2 of the Dungeon)
Armour
 a - a +0 robe (worn)
Jewellery
 d - a ring of resist corrosion (right hand)
 j - a ring of wizardry (left hand)
Scrolls
 b - a scroll of enchant armour {unknown}
 e - a scroll of amnesia {unknown}
 f - a scroll of identify {unknown}
 h - a scroll of noise {unknown}
 k - a scroll of acquirement {unknown}
Potions
 c - a potion of lignification {unknown}
 i - a potion of haste {unknown}


   Skills:
 - Level 2.1 Dodging
 - Level 1.5 Stealth
 + Level 4.1 Spellcasting


You knew the following spells:

 Your Spells              Type           Power      Damage    Failure   Level
a - Magic Dart            Conj           84%        1d7       1%          1
b - Searing Ray           Conj           42%        2d6       1%          2
c - Dazzling Flash        Conj/Hex       42%        N/A       2%          3
d - Fulminant Prism       Conj/Hex       10%        3d8       9%          4
e - Iskenderun's Mystic   Conj/Tloc      21%        2d6       9%          4
f - Necrotise             Necr           84%        1d8       1%          1
Your spell library was empty.

Dungeon Overview and Level Annotations

Branches:
Dungeon (2/15)

Altars:

Shops:
D:1 :


Innate Abilities, Weirdness & Mutations

You are immune to sickness and miasma.
You are immune to poison.
Your flesh is very heat resistant. (rF++)
You are vulnerable to cold. (rC-)
You float through the air rather than walking.
You learn spells naturally, not from books.
Your magical power is your life essence.
You have superior vitality. (+4 MHP)


Message History

You are too injured to fight recklessly!
You are too injured to fight recklessly!
You are too injured to fight recklessly!
You are too injured to fight recklessly!
You are too injured to fight recklessly!
You are too injured to fight recklessly!
You are too injured to fight recklessly!
You are too injured to fight recklessly!
You completely miss the adder. The adder bites you but does no damage.
The adder barely misses you. The adder bites you.
The adder closely misses you. x2
The ball python hisses angrily.
You beat the adder like a drum!!!
You kill the adder!
The ball python bites you.
* * * LOW HITPOINT WARNING * * *
The ball python grabs you. The ball python constricts you.
The rat barely misses you. The ball python closely misses you.
The ball python constricts you. The rat barely misses you.
The ball python bites you but does no damage.
The ball python constricts you. The rat bites you.
* * * LOW HITPOINT WARNING * * *
The ball python bites you.
* * * LOW HITPOINT WARNING * * *
The ball python constricts you.
You hammer the rat like a gong!!!
You kill the rat!
The ball python bites you but does no damage.
The ball python constricts you. The ball python closely misses you.
The ball python constricts you. The ball python bites you.
* * * LOW HITPOINT WARNING * * *
The ball python constricts you.
* * * LOW HITPOINT WARNING * * *
The ball python bites you.
* * * LOW HITPOINT WARNING * * *
The ball python constricts you.
You closely miss the ball python. The ball python barely misses you.
The ball python constricts you.
* * * LOW HITPOINT WARNING * * *
The ball python bites you.
You die...

## !. ..# .# (.# # .. ..#
.# .###.. .. #. ##
..#.##.# #.#
###.###)#.$..# #.#
.......@S...# #.#
####..#..##.# #.#
##.#.....# #.# #...#####
#.# #####.### #..
###.....################.#
........†.................
....#################..##+
### ...........#..


You could see a ball python.

Vanquished Creatures
  An adder (D:2)
  A dart slug (D:1)
  An endoplasm (D:1)
  2 giant cockroaches
  3 hobgoblins
  3 bats
  A frilled lizard (D:2)
  8 goblins
  2 kobolds (D:1)
  3 rats
25 creatures vanquished.

Notes
Turn   | Place    | Note
-------+----------+-------------------------------------------
     0 | D:1      | ders the Djinni Conjurer began the quest for the Orb.
     0 | D:1      | ders set off with the following spells memorised: Magic
                  | Dart, Searing Ray, Dazzling Flash, Fulminant Prism,
                  | Iskenderun's Mystic Blast.
     0 | D:1      | Reached XP level 1. HP: 15/15 MP: 0/0
    28 | D:1      | Found Juifup's Book Shop.
   175 | D:1      | Reached XP level 2. HP: 20/21 MP: 0/0
   918 | D:1      | Upgraded the game from 0.30-a0-883-g5ad918d77d to
                  | 0.30-a0-965-g42e074c17a
   928 | D:2      | Found the +10 dark maul {heavy}
  1006 | D:2      | Reached XP level 3. HP: 21/25 MP: 0/0
  1006 | D:2      | Learned a level 1 spell: Necrotise
  1166 | D:2      | Reached skill level 4 in Spellcasting
  1172 | D:2      | Slain by a ball python

Illustrated notes

Levels and vault maps discovered:
D:1:      dpeg_arrival_rhombi, layout_loops_corners, serial_shops,
          nicolae_shop_competitors_out_of_business
D:2:      layout_rooms, minmay_misc_feat_room, minmay_indecisive_spiral

Skill      XL: |  1  2  3 |
---------------+----------+-----
Spellcasting   | 4 |  4.1
Dodging        | |  2.1
Stealth        | |  1.5

Action                     || total
---------------------------++-------
  Melee: Maul              ||    17
   Cast: Magic Dart        ||    29
 Armour: Robe              ||     8
  Dodge: Dodged            ||    25

Table legend: (Time is in decaauts)
 A = Elapsed time spent in this place.
 B = Non-inter-level travel time spent in this place.
 C = Inter-level travel time spent in this place.
 D = Time resting spent in this place.
 E = Time spent auto-exploring this place.
 F = Levels seen in this place.
 G = Mean time per level.
                   A        B        C        D        E       F      G
               +--------+--------+--------+--------+--------+-----+--------+
         Total |   1211 |   1202 |      9 |      0 |   1059 |   2 |  605.5 |
       Dungeon |   1211 |   1202 |      9 |      0 |   1059 |   2 |  605.5 |
               +--------+--------+--------+--------+--------+-----+--------+

Top non-repeatable levels by time:
     D:1: 928 daAuts
     D:2: 283 daAuts
